 Dungeon Crawl Stone Soup version 0.22-a0-422-g9628fc8 (webtiles) character file.

1535 iamserjio the Nimble (level 8, 0/40 HPs)
             Began as a Spriggan Transmuter on May 22, 2018.
             Killed from afar by Akransas's ghost (4 damage)
             ... with a sting
             ... on level 5 of the Dungeon.
             The game lasted 00:23:00 (9846 turns).

iamserjio the Nimble (Spriggan Transmuter)          Turns: 9846, Time: 00:23:01

Health: 0/40       AC:  2    Str:  8    XL:     8   Next: 55%
Magic:  14/15      EV: 24    Int: 14    God:
Gold:   207        SH:  0    Dex: 17    Spells: 5/15 levels left

rFire    + . .     SeeInvis +     - Unarmed
rCold    x . .     Gourm    .   (shield restricted)
rNeg     . . .     Faith    .   b - +0 robe
rPois    .         Spirit   .   (helmet restricted)
rElec    .         Reflect  .   (no cloak)
rCorr    .         Harm     .   (gloves unavailable)
MR       +....                  (boots unavailable)
Stlth    ++........             (no amulet)
HPRegen  0.13/turn              a - ring of fire
MPRegen  0.14/turn              (no ring)

@: lethally poisoned (0 -> -12), very quick
A: very small, unfitting armour, see invisible, herbivore, speed 3, slow
metabolism 2
a: no special abilities


You were on level 5 of the Dungeon.
You were hungry.

You visited 1 branch of the dungeon, and saw 5 of its levels.

You collected 207 gold pieces.

Inventory:

Hand Weapons
 h - a +0 long sword
Missiles
 p - 42 arrows
Armour
 b - a +0 robe (worn)
 d - a +2 buckler
 w - a +2 buckler of protection
Jewellery
 a - a ring of fire (left hand)
Wands
 r - a wand of digging (13)
 y - a wand of polymorph (12)
Scrolls
 c - 3 scrolls of fear
 e - 2 scrolls of teleportation {unknown}
 f - a scroll of fog {unknown}
 i - a scroll of noise {unknown}
 j - 3 scrolls of remove curse {unknown}
 k - 3 scrolls of identify {unknown}
 l - 2 scrolls of enchant armour {unknown}
 o - a scroll of magic mapping {unknown}
 s - 3 scrolls of enchant weapon {unknown}
 t - a scroll of blinking {unknown}
Potions
 g - a potion of degeneration
 m - 2 potions of berserk rage {unknown}
 u - a potion of ambrosia {unknown}
 v - a potion of invisibility {unknown}
 z - a potion of cancellation {unknown}
 A - a potion of brilliance {unknown}
Comestibles
 x - 3 rations


   Skills:
 + Level 3.0 Fighting
 + Level 8.2 Dodging
 * Level 5.5 Unarmed Combat
 - Level 4.0 Spellcasting
 + Level 7.5 Transmutations
 - Level 1.0 Poison Magic


You had 5 spell levels left.
You knew the following spells:

 Your Spells              Type           Power        Failure   Level  Hunger
a - Beastly Appendage     Tmut           ###...       1%          1    None
b - Sticks to Snakes      Tmut           ###.....     1%          2    ##.....
c - Spider Form           Tmut/Pois      ##........   10%         3    ###....
d - Ice Form              Ice/Tmut       ##......     38%         4    ####...

Your spell library contained the following spells:

 Spells                   Type           Power        Failure   Level  Hunger
 Magic Dart               Conj           #...         19%         1    None
 Blade Hands              Tmut           ###.......   24%         5    ######.


Dungeon Overview and Level Annotations

Branches:
Dungeon (5/15)
 Temple: D:4-7

Altars:
Hepliaklqana
Kikubaaqudgha
Makhleb
Nemelex Xobeh
Sif Muna
Vehumet

Annotations:
D:5 Akransas's ghost, novice HuFE


Innate Abilities, Weirdness & Mutations

You are very small and have problems with some larger weapons.
You are too small for most types of armour.
You have supernaturally acute eyesight. (SInv)
You are a herbivore.
You cover ground extremely quickly.
You need to consume almost no food.


Message History

You feel sick.
There's a creature in the doorway!
Akransas's ghost hits you.
You feel sick.
You feel sick.
You feel sick.
Your transformation has ended.
Your +0 robe unmelds from your body.
You feel sick.
You feel sick.
Akransas's ghost says, "I was like you once."
Akransas's ghost gestures at you while chanting.
The sting hits you!
You are more poisoned.
* * * LOW HITPOINT WARNING * * *
* * * LOW HITPOINT WARNING * * *
You feel sick. Akransas's ghost casts a spell at you. The sting hits you!
You are more poisoned.
You die...

##.#####.......##...##....#
##.............#..#..#..p.#
##.........#####W###W#....#
##)...........##.###.#....#
##...........##..._#.##.#[#
##...........#_....#..'.#)#
...####......##..._#.####.#
...# ##########.###.# #.#
...# #.#@###.# #W# ####
####'#..#..####.### #########
#....##...##......# .....[..#
#.....##.##.###.#.#
........###......#_#..#...#.#
...W..[.'........###....###.#
........#####.....###..W# #.#
........# #.....# #...# #.#
........# #.....# ##..###.#


You could see Akransas's ghost.

Vanquished Creatures
  Pikel (D:5)
  Sigmund (D:2)
  2 slaves (D:5)
  An ogre (D:4)
  4 scorpions
  A crimson imp (D:5)
  3 hounds
  A centaur skeleton (D:5)
  An orc priest (D:3)
  A bullfrog zombie (D:5)
  An iguana (D:5)
  Ijyb (D:5)
  4 orc wizards
  A worker ant (D:4)
  A hound zombie (D:5)
  A worker ant zombie (D:5)
  7 adders
  An ooze (D:4)
  An adder zombie (D:5)
  A worm (D:3)
  A dart slug (D:1)
  3 leopard geckos
  13 orcs
  4 giant cockroaches
  13 hobgoblins
  8 jackals
  18 kobolds
  A quokka (D:3)
  3 ball pythons
  12 bats
  4 frilled lizards
  18 goblins
  A jackal skeleton (D:5)
  3 leopard gecko skeletons
  14 rats
151 creatures vanquished.

Vanquished Creatures (collateral kills)
  2 adders
  An orc (D:5)
  3 hobgoblins (D:1)
  A quokka (D:5)
  A bat (D:1)
8 creatures vanquished.

Vanquished Creatures (others)
  A plant (D:1)
1 creature vanquished.

Grand Total: 160 creatures vanquished

Notes
Turn   | Place    | Note
-------+----------+-------------------------------------------
     0 | D:1      | iamserjio the Spriggan Transmuter began the quest for the Orb.
     0 | D:1      | Reached XP level 1. HP: 9/9 MP: 5/5
  1005 | D:1      | Reached skill level 1 in Fighting
  1005 | D:1      | Reached XP level 2. HP: 12/14 MP: 4/6
  2455 | D:1      | Learned a level 2 spell: Sticks to Snakes
  3328 | D:1      | Reached XP level 3. HP: 17/18 MP: 2/8
  3657 | D:1      | Reached skill level 4 in Dodging
  4003 | D:2      | Learned a level 3 spell: Spider Form
  4284 | D:2      | Reached XP level 4. HP: 22/22 MP: 9/9
  4353 | D:2      | Noticed Sigmund
  5304 | D:2      | Reached skill level 1 in Poison Magic
  5617 | D:2      | Killed Sigmund
  5617 | D:2      | Reached skill level 5 in Dodging
  5617 | D:2      | Reached skill level 5 in Transmutations
  5617 | D:2      | Reached XP level 5. HP: 21/25 MP: 7/10
  5926 | D:3      | Reached XP level 6. HP: 25/30 MP: 9/11
  5930 | D:3      | Reached skill level 6 in Dodging
  7514 | D:4      | Reached XP level 7. HP: 28/33 MP: 9/13
  7729 | D:4      | Reached skill level 7 in Dodging
  8357 | D:5      | Entered Level 5 of the Dungeon
  8366 | D:5      | Noticed Akransas's ghost (novice HuFE)
  8367 | D:5      | Noticed Pikel
  8537 | D:5      | Noticed Ijyb
  8550 | D:5      | Killed Ijyb
  9298 | D:5      | Found a faded altar of an unknown god.
  9298 | D:5      | Found a burning altar of Makhleb.
  9303 | D:5      | Found a faded altar of an unknown god.
  9305 | D:5      | Found a sparkling altar of Nemelex Xobeh.
  9306 | D:5      | Found a hazy altar of Hepliaklqana.
  9576 | D:5      | Reached XP level 8. HP: 36/39 MP: 12/15
  9600 | D:5      | Found a radiant altar of Vehumet.
  9600 | D:5      | Found an ancient bone altar of Kikubaaqudgha.
  9601 | D:5      | Found a deep blue altar of Sif Muna.
  9606 | D:5      | Identified Vehumet's Papyrus of Confrontation
  9648 | D:5      | Learned a level 4 spell: Ice Form
  9797 | D:5      | Killed Pikel
  9797 | D:5      | Reached skill level 8 in Dodging
  9797 | D:5      | Reached skill level 5 in Unarmed Combat
  9846 | D:5      | Killed from afar by Akransas's ghost

Vault maps used:
D:1:      minmay_arrival_doors, lexackson_kobold_supper
D:2:      first_ration, hangedman_glass_garden, st_stairs_5,
          guppyfry_early_orc_mine, uniq_sigmund
D:4:      kennysheep_the_goblin_king
D:5:      grunt_temple_overflow_magic_moments,
          chequers_temple_overflow_minitemple, uniq_pikel, uniq_ijyb

Skill      XL: |  1  2  3  4  5  6  7  8 |
---------------+-------------------------+-----
Fighting       | 1 2 3 |  3.0
Transmutations | 3 5 6 7 |  7.5
Spellcasting   | 3 4 |  4.0
Dodging        | 4 5 6 7 8 |  8.2
Poison Magic   | 1 |  1.0
Unarmed Combat | 3 4 5 |  5.5

Action                   |  1- 3 |  4- 6 |  7- 9 || total
-------------------------+-------+-------+-------++-------
Melee: Unarmed           |   222 |   350 |   204 ||   776
       Kick              |     7 |     4 |       ||    11
       Headbutt          |     7 |     9 |       ||    16
       Punch             |     2 |       |     1 ||     3
 Cast: Beastly Appendage |    17 |     8 |       ||    25
       Sticks to Snakes  |    12 |     4 |     4 ||    20
       Spider Form       |       |    13 |    12 ||    25
  Use: Potion            |       |     2 |     3 ||     5
       Scroll            |       |     1 |       ||     1
 Stab: Sleeping          |     1 |     2 |     2 ||     5
  Eat: Ration            |     1 |     3 |     2 ||     6
Armor: Robe              |    17 |    19 |     3 ||    39
       Skin              |       |     3 |    11 ||    14
Dodge: Dodged            |   227 |   302 |   180 ||   709

Table legend:
 A = Spawn XP
 B = Non-spawn XP
 C = Spawn XP percentage of total XP
 D = Spawn monster count
 E = Non-spawn monster count
 F = Spawn count percentage of total count
 G = Total turns spent on level
                    A         B        C        D         E        F      G
               +---------+---------+-------+---------+---------+-------+---------
         Total |       0 |    2194 |   0.0 |       0 |     157 |   0.0 |  9846
               +---------+---------+-------+---------+---------+-------+---------
           D:1 |       0 |      51 |   0.0 |       0 |      36 |   0.0 |  3913
           D:2 |       0 |     326 |   0.0 |       0 |      37 |   0.0 |  1929
           D:3 |       0 |     244 |   0.0 |       0 |      32 |   0.0 |  1351
           D:4 |       0 |     504 |   0.0 |       0 |      28 |   0.0 |  1279
           D:5 |       0 |    1069 |   0.0 |       0 |      24 |   0.0 |  1374
               +---------+---------+-------+---------+---------+-------+---------
